← All builds
Tech / Armada / Economy first / OBSERVED BUILD

Standard tech

Armada Tech (Eco) build order · Supreme Isthmus

Rushes T2 by 4:15, gets Advanced Metal Extractor around 5:28, hands off T2 constructors to Geo and the team, then scales eco and supplies the team's T2 needs through the rest of the game.

Usually first T2 con to Geo (83%)

#eco #t2 #team support · 1580 distinct matches · 252 players · 60% of Armada Tech games · team won 53% of 1886 · Recently observed

HOW TO PLAY IT

Key timing: T2 factory by 4:15

  1. Open 3 mex and heavy wind to fund a fast T2 rush.
  2. Put down Bot Lab, planning to eat it for reclaim soon after.
  3. Get Advanced Bot Lab up, hitting the T2 factory rush timing.
  4. Upgrade mex to Advanced Metal Extractor to lock in team metal income.
  5. Eat Advanced Bot Lab and keep sending cons to Geo and Pond.

Phase by phase

TYPICAL OF ITS 1580 GAMES
  1. 1
  2. 2
  3. 3
  4. 4
PLAY THE OPENING

Follow the example game's first 6:00 step by step: what to build now, what comes next, and where it goes. At 1× it keeps pace with your own game.

  1. 1

    Up to the Bot Lab

    Economy
    • Metal Extractor3Mex
    • Wind Turbine4Wind
    Order
    1. Bot LabBot Lab after 3 mex, 4 winddone ~1:18, middle half 1:13–1:32

    Some games also: energy storage (31%)

    By 1:01 in all: 3 mex · 4 wind

    The example game in this phase · 3 steps
    1. Mex ×3
    2. Wind ×4
    3. Bot LabBot Labdone 1:15 · typical 1:18
  2. 2

    Bot Lab to Advanced Bot Lab

    Economy
    • Metal Extractor1Mex
    • Wind Turbine8Wind
    • Energy Storage1Energy storage
    Order
    1. Advanced Bot LabAdvanced Bot Lab after 4 mex, 12 wind, 3 con turretdone ~4:16, middle half 4:04–4:30
    Builders
    • Construction Turret3 Con turret
    • Lazarus3 Lazarus
    • Construction Bot2 Con bot
    • Construction Bot1 Con bot for allies

    Some games also: converter (36%)

    By 3:18 in all: 4 mex · 12 wind · 1 energy storage · 3 con turret

    The example game in this phase · 19 steps
    1. Wind
    2. LazarusLazarus
    3. Wind
    4. LazarusLazarus
    5. Wind ×2
    6. LazarusLazarus
    7. Construction BotCon bot
    8. Wind ×2
    9. LazarusLazarus
    10. Construction BotCon botfor Air
    11. Wind ×2
    12. Mex
    13. Construction BotCon bot
    14. Wind
    15. LazarusLazarus
    16. Con turret ×2
    17. Wind ×3
    18. Converter
    19. Advanced Bot LabAdvanced Bot Labdone 4:40 · typical 4:16
  3. 3

    Advanced Bot Lab to 5:00

    Economy
    • Wind Turbine3Wind
    Order
    1. Bot LabEat Bot Lab
    Builders
    • Advanced Construction Bot1 T2 con bot for allies

    Some games also: converter (35%)

    By 5:00 in all: 4 mex · 15 wind · 1 converter · 1 energy storage · 3 con turret

    The example game in this phase · 9 steps
    1. Converter
    2. Wind
    3. Energy storage
    4. Bot LabEat Bot Labreclaimed for its metal
    5. Converter
    6. Wind ×5
    7. Advanced Construction BotT2 con botfor Geo
    8. Wind
    9. Advanced Metal ExtractorT2 mexdone 5:27 · typical 5:28
  4. 4

    5:00 to 10:00

    Economy
    • Wind Turbine43Wind
    • Energy Converter6Converter
    Builders
    • Butler9 Butler
    • Advanced Construction Bot4 T2 con bot for allies
    • Advanced Construction Bot1 T2 con bot

    Some games also: con turret (43%) · Butler for allies (37%)

    By 10:00 in all: 4 mex · 58 wind · 8 converter · 1 energy storage · 3 con turret

    The example game in this phase · 208 steps
    1. Wind
    2. ButlerButler
    3. Advanced Construction BotT2 con botfor Air
    4. Wind
    5. Con turret
    6. Advanced Metal ExtractorT2 mex
    7. Wind
    8. Advanced Metal ExtractorT2 mex
    9. Wind
    10. Advanced Construction BotT2 con botfor Geo sea
    11. Wind ×2
    12. Advanced Construction BotT2 con botfor Beach sea
    13. Advanced Metal ExtractorT2 mex
    14. Advanced Construction BotT2 con botfor Pond
    15. Advanced Construction BotT2 con bot
    16. ButlerButler ×2
    17. Wind
    18. ButlerButler ×4
    19. Wind ×2
    20. ButlerButler
    21. Wind ×2
    22. ButlerButler
    23. Wind ×4
    24. ButlerButler
    25. Wind ×6
    26. ButlerButler
    27. Wind ×11
    28. ButlerButler
    29. Wind ×13
    30. ButlerButler
    31. Wind ×15
    32. ButlerButler
    33. Wind ×2
    34. Converter
    35. Wind ×9
    36. Converter
    37. Wind
    38. ButlerButler
    39. Wind ×5
    40. Converter
    41. Wind ×3
    42. ButlerButler
    43. Converter
    44. Wind ×6
    45. Converter
    46. Wind ×4
    47. ButlerButler
    48. Converter
    49. Wind ×3
    50. Converter
    51. Wind ×3
    52. Converter
    53. Wind ×3
    54. Converter
    55. Wind ×3
    56. ButlerButler
    57. Converter
    58. Wind ×3
    59. Converter
    60. Wind ×4
    61. Converter
    62. Wind ×3
    63. Converter
    64. ButlerButler
    65. Converter
    66. Wind ×4
    67. Converter
    68. Wind ×2
    69. Converter
    70. Advanced Construction BotT2 con bot
    71. Wind ×3
    72. Converter
    73. Wind ×3
    74. Converter
    75. Wind ×5
    76. Converter
    77. SprinterSprinter
    78. Converter
    79. Wind
    80. Fusion ReactorFusiondone 13:44
    81. Wind ×6
    82. Converter
    83. Wind ×2
    84. Converter
    85. Wind ×2
    86. Metal storage
    87. Wind
    88. Converter
    89. Wind ×6
    90. Converter ×2
    91. Wind ×4
    92. Converter
    93. Wind ×2
    94. Converter
    95. Wind
    96. Converter
    97. Wind ×3
    98. Converter
    99. Wind ×3
    100. Converter
    101. Wind ×3
    102. Converter
    103. Wind ×4
    104. Converter
    105. Wind
    106. Converter
    107. Wind ×6
    108. Converter
    109. Wind
    110. Converter
    111. Wind ×6
    112. Converter
    113. Wind ×2
    114. Converter
    115. Wind ×4
    116. Converter
    117. Wind ×2
    118. Converter
    119. Advanced Bot LabEat Advanced Bot Labreclaimed for its metal
    120. Wind ×6
    121. Converter
    122. Wind
    123. Con turret
    124. Converter
    125. Con turret
    126. Wind ×6
    127. Converter
    128. Wind ×2
    129. Converter
    130. Wind ×4
    131. Converter
    132. Wind ×3
    133. Con turret
    134. Wind
    135. Converter
    136. Wind ×4
    137. Converter
    138. Con turret
    139. Wind
    140. Converter
    141. T2 converter
    142. Wind ×4
    143. Con turret
    144. Wind ×4
    145. Converter
    146. Con turret
    147. Converter
    148. Con turret
    149. Wind ×5
    150. Con turret ×2
    151. Wind ×3
    152. Converter
    153. Con turret ×2
    154. Converter
    155. Wind ×4
    156. Converter
    157. Wind ×3
    158. Con turret
    159. Wind
    160. Converter
    161. Wind
    162. Con turret
    163. Wind ×4
    164. Converter
    165. Wind
    166. Converter
    167. Wind ×7
    168. Converter ×2
    169. Con turret
    170. Wind ×5
    171. T2 converter
    172. Wind ×3
    173. Converter ×2
    174. Wind ×5
    175. Con turret ×2
    176. Converter
    177. Wind
    178. Converter
    179. Wind ×2
    180. Con turret
    181. Wind
    182. Con turret
    183. Wind ×4
    184. Converter ×2
    185. Con turret
    186. Wind ×3
    187. Con turret
    188. Wind
    189. Con turret
    190. Wind ×3
    191. T2 converter
    192. CitadelAnti-nukedone 14:32
    193. Wind
    194. Converter
    195. Wind
    196. Con turret
    197. T2 converter
    198. Fusion ReactorFusion
    199. Wind
    200. Converter
    201. Wind
    202. T2 converter
    203. Converter
    204. Wind ×2
    205. Converter
    206. Wind ×7
    207. Converter ×2
    208. Wind

Counts are medians over the build's games: half of them build more, half fewer. The example game is whitetiger2819's (31 OS, 27/09/2026); pick another.

Team trades

IN AT LEAST 30% OF ITS GAMES

You hand over

  • Construction Bot1 Con bot to Airfirst at 2:23 · in 84% of games
  • Advanced Construction Bot5 T2 con bot to Air or Pond or Geo seafirst at 4:50 · in 99% of games
  • Butler2 Butler to Geo sea or Beach sea or Pondfirst at 9:06 · in 43% of games

You get

  • Hercules1 Light transport from Airfirst at 4:01 · in 86% of games

How it plays out

Typical game of this build, running totals by minute

Metal produced

020k40k
0:005:0010:0015:00

metal

Enemy metal destroyed

050100150
0:005:0010:0015:00

metal

Own metal lost

050100150
0:005:0010:0015:00

metal

1886 games.

Show as table
ByMetal produced: This buildEnemy metal destroyed: This buildOwn metal lost: This build
1:0038300
2:0091500
3:00165200
4:00314400
5:00484800
6:00580200
7:00723200
8:00906400
9:001117700
10:001351300
11:001624200
12:001965600
13:002342600
14:0027286074
15:0031503110130
WHAT THE NUMBERS SAY

Standard Tech play barely fights at all early, instead pouring metal into T2 infrastructure and constructors for the team.

  • + Metal produced hits 31679 by 15:00, by far the highest of any role here.
  • + T2 factory reached in 97% of games by 4:15, fastest and most reliable T2 timing.
  • − Enemy metal destroyed stays at 0 through 10:00, no early offense at all.
  • − Own metal lost also near 0, showing total avoidance of combat risk.
THE EXAMPLE YOU ARE READING

whitetiger2819

30.6 OS · 27/09/2026

Open source match ↗

2 received units
3841 metal received · 50578 energy received

Allied construction assistance is unknown. Timings are observations, not a promise of solo reproducibility.

Typical milestones

Bot Lab1:18Middle 50%: 1:13–1:32 · n=1886
Advanced Bot Lab4:16Middle 50%: 4:04–4:30 · n=1879
Advanced Metal Extractor5:28Middle 50%: 5:05–5:59 · n=1882

Played most by

Amrissa96games of this buildTheGeneraI70games of this buildAdeus57games of this buildEl_Turco54games of this buildKOT_44games of this build
Standard tech · Armada Tech (Eco) build order · BAR Build Atlas